 Dungeon Crawl Stone Soup version 0.23-a0-391-g8c51ad5 (webtiles) character file.

19 XanderDroid the Magician (level 2, -3/20 HPs)
             Began as a Gnoll Wizard on Oct 30, 2018.
             Slain by a worm (12 damage)
             ... on level 2 of the Dungeon.
             The game lasted 00:13:07 (1097 turns).

XanderDroid the Magician (Gnoll Wizard)             Turns: 1097, Time: 00:13:08

Health: -3/20      AC:  2    Str:  9    XL:     2   Next: 75%
Magic:  4/10       EV: 14    Int: 20    God:
Gold:   26         SH:  0    Dex: 13    Spells: 14/15 levels left

rFire    . . .     SeeInvis .   h - +0 whip
rCold    . . .     Gourm    .   (no shield)
rNeg     . . .     Faith    .   a - +0 robe
rPois    .         Spirit   .   b - +0 hat
rElec    .         Reflect  .   (no cloak)
rCorr    .         Harm     .   (no gloves)
MR       .....                  (no boots)
Stlth    +++.......             (no amulet)
HPRegen  0.06/turn              (no ring)
MPRegen  0.12/turn              (no ring)

@: no status effects
A: distributed training, fangs 1, strong nose
a: no special abilities


You were on level 2 of the Dungeon.
You were not hungry.

You visited 1 branch of the dungeon, and saw 2 of its levels.

You collected 26 gold pieces.

Inventory:

Hand Weapons
 h - a +0 whip (weapon)
Armour
 a - a +0 robe (worn)
 b - a +0 hat (worn)
 i - a +2 buckler
 k - a +0 leather armour
Jewellery
 j - an uncursed ring of stealth {unknown}
Wands
 f - a wand of iceblast (6)
Scrolls
 l - a scroll of immolation {unknown}
 n - a scroll of identify {unknown}
Potions
 c - a potion of invisibility {unknown}
 e - a potion of might {unknown}
 g - a potion of curing {unknown}
Comestibles
 d - 2 rations
 m - 4 chunks of flesh


   Skills:
 + Level 0.5 Fighting
 + Level 0.5 Short Blades
 + Level 0.5 Long Blades
 + Level 0.5 Axes
 + Level 0.5 Maces & Flails
 + Level 0.5 Polearms
 + Level 0.5 Staves
 + Level 0.5 Slings
 + Level 0.5 Bows
 + Level 0.5 Crossbows
 + Level 0.5 Throwing
 + Level 0.5 Armour
 + Level 4.5 Dodging
 + Level 4.1 Stealth
 + Level 0.5 Shields
 + Level 0.5 Unarmed Combat
 + Level 7.1 Spellcasting
 + Level 2.0 Conjurations
 + Level 0.3 Hexes
 + Level 0.3 Charms
 + Level 2.0 Summonings
 + Level 0.3 Necromancy
 + Level 2.0 Translocations
 + Level 0.3 Transmutations
 + Level 0.3 Fire Magic
 + Level 0.3 Ice Magic
 + Level 0.3 Air Magic
 + Level 0.3 Earth Magic
 + Level 0.3 Poison Magic
 + Level 0.6 Invocations
 + Level 0.5 Evocations


You had 14 spell levels left.
You knew the following spells:

 Your Spells              Type           Power        Failure   Level  Hunger
a - Magic Dart            Conj           ###.         4%          1    None

Your spell library contained the following spells:

 Spells                   Type           Power        Failure   Level  Hunger
 Blink                    Tloc           N/A          6%          2    None
 Call Imp                 Summ           ###.....     6%          2    None
 Slow                     Hex            #.......     12%         2    None
 Conjure Flame            Conj/Fire      ##......     17%         3    #......
 Mephitic Cloud           Conj/Pois/Air  ##......     19%         3    #......


Dungeon Overview and Level Annotations

Branches:
Dungeon (2/15)

Altars:
Dithmenos


Innate Abilities, Weirdness & Mutations

Your experience applies equally to all skills.
You have very sharp teeth.
Your uncanny sense of smell can sniff out nearby items.


Message History

The worm is almost dead.
The worm bites you!
Ouch! That really hurt!
Casting: Magic Dart (safe; 4% risk of failure)
Confirm with . or Enter, or press ? or * to list all spells.
Aiming: Magic Dart (safe; 4% risk of failure)
Press: ? - help, Shift-Dir - straight line, f/p - worm
Aim: a worm (almost dead)
The magic dart hits the worm.
The worm is almost dead.
Casting: Magic Dart (safe; 4% risk of failure)
Confirm with . or Enter, or press ? or * to list all spells.
Aiming: Magic Dart (safe; 4% risk of failure)
Press: ? - help, Shift-Dir - straight line, f/p - worm
Aim: a worm (almost dead)
The magic dart hits the worm.
The worm is almost dead.
The worm bites you!
Ouch! That really hurt!
You die...

# #........#
..#####..# ####
#.รท# # #..# #.
#..# #.###
#..###### ...#
#........
###>######..######
#@..........#
......w.###.#####.#
######.## ##.# ....
#. ... .### #. .##.
## ## ## #


You could see a worm.

Vanquished Creatures
  5 bats (D:1)
  5 goblins
  A hobgoblin (D:2)
  A quokka (D:2)
  5 frilled lizards
  A kobold (D:1)
18 creatures vanquished.

Vanquished Creatures (others)
  4 toadstools (D:1)
4 creatures vanquished.

Grand Total: 22 creatures vanquished

Notes
Turn   | Place    | Note
-------+----------+-------------------------------------------
     0 | D:1      | XanderDroid the Gnoll Wizard began the quest for the Orb.
     0 | D:1      | Reached XP level 1. HP: 13/13 MP: 8/8
   263 | D:1      | Reached XP level 2. HP: 18/19 MP: 10/10
   799 | D:2      | Found a faded altar of an unknown god.
   889 | D:2      | Found a shadowy altar of Dithmenos.
  1097 | D:2      | Slain by a worm

Vault maps used:
D:1:      ldierk_walled_garden_2, skrybe_limestone_x, amethyst_killhole
D:2:      nicolae_dithmenos_shadow_blocks, chequers_ecumenical_altar_simple,
          chequers_serial_rivers_small_3, uniq_robin

Skill      XL: |  1 |
---------------+----+-----
Conjurations   | 2 |  2.0
Summonings     | 2 |  2.0
Translocations | 2 |  2.0
Fighting       | |  0.5
Short Blades   | |  0.5
Long Blades    | |  0.5
Axes           | |  0.5
Maces & Flails | |  0.5
Polearms       | |  0.5
Staves         | |  0.5
Slings         | |  0.5
Bows           | |  0.5
Crossbows      | |  0.5
Throwing       | |  0.5
Armour         | |  0.5
Dodging        | |  4.5
Stealth        | |  4.1
Shields        | |  0.5
Unarmed Combat | |  0.5
Spellcasting   | |  7.1
Hexes          | |  0.3
Charms         | |  0.3
Necromancy     | |  0.3
Transmutations | |  0.3
Fire Magic     | |  0.3
Ice Magic      | |  0.3
Air Magic      | |  0.3
Earth Magic    | |  0.3
Poison Magic   | |  0.3
Invocations    | |  0.6
Evocations     | |  0.5

Action                   || total
-------------------------++-------
Melee: Whip              ||    28
       Club              ||     2
       Bite              ||     2
 Cast: Magic Dart        ||    28
 Stab: Sleeping          ||     1
Armor: Robe              ||    12
Dodge: Dodged            ||    42

Table legend:
 A = Non-vault XP
 B = Vault XP
 C = Vault XP percentage of total XP
 D = Non-vault monster count
 E = Vault monster count
 F = Vault count percentage of total count
                 A         B        C        D         E       F
            +---------+---------+-------+---------+---------+-------
      Total |      28 |       0 |   0.0 |      18 |       0 |   0.0
            +---------+---------+-------+---------+---------+-------
        D:1 |      18 |       0 |   0.0 |      11 |       0 |   0.0
        D:2 |      10 |       0 |   0.0 |       7 |       0 |   0.0
            +---------+---------+-------+---------+---------+-------
